 Dungeon Crawl Stone Soup version 0.25-a0-479-g8579842fd4 (webtiles) character file.

Game seed: 4373752162330906533, levelgen mode: deterministic

987 Notrik the Skirmisher (level 8, 0/71 HPs)
             Began as a Hill Orc Fighter on Feb 9, 2020.
             Was a Follower of Okawaru.
             Slain by a sky beast (6 damage)
             ... on level 6 of the Dungeon.
             The game lasted 00:09:50 (5240 turns).

Notrik the Skirmisher (Hill Orc Fighter)            Turns: 5240, Time: 00:09:51

Health: 0/71       AC:  8    Str: 21    XL:     8   Next: 18%
Magic:  8/8        EV:  8    Int:  8    God:    Okawaru [*.....]
Gold:   330        SH: 13    Dex: 10    Spells: 7/7 levels left

rFire    . . .     SeeInvis .   a - +0 war axe
rCold    . . .     Gourm    .   c - +0 shield
rNeg     . . .     Faith    .   b - +0 scale mail
rPois    .         Spirit   .   j - +0 helmet
rElec    .         Reflect  +   (no cloak)
rCorr    .         Harm     .   (no gloves)
MR       .....                  (no boots)
Stlth    ..........             g - +3 amulet of reflection
HPRegen  0.21/turn              (no ring)
MPRegen  0.11/turn              (no ring)

@: no status effects
A: no striking features
a: Heroism, Renounce Religion


You were on level 6 of the Dungeon.
You worshipped Okawaru.
Okawaru was aware of your devotion.
You were very hungry.

You visited 2 branches of the dungeon, and saw 7 of its levels.

You collected 330 gold pieces.

Inventory:

Hand Weapons
 a - a +0 war axe (weapon)
Armour
 b - a +0 scale mail (worn)
 c - a +0 shield (worn)
 j - a +0 helmet (worn)
   (You found it on level 1 of the Dungeon)
Jewellery
 g - a +3 amulet of reflection (around neck)
   (You found it on level 1 of the Dungeon)
 h - an uncursed amulet of guardian spirit
   (You found it on level 3 of the Dungeon)
 r - an uncursed amulet of regeneration
   (You found it on level 2 of the Dungeon)
Wands
 z - a wand of polymorph (11)
   (You found it on level 3 of the Dungeon)
Scrolls
 f - 3 scrolls of blinking
 i - 4 scrolls of identify {@r1}
 k - 3 scrolls of teleportation {@r4}
 l - 2 scrolls of fear {unknown}
 m - a scroll of noise {unknown}
 n - 3 scrolls of magic mapping
 p - a scroll of immolation {unknown}
 q - 3 scrolls of remove curse {@r2}
 t - 3 scrolls of fog
 y - 3 scrolls of amnesia {unknown}
 A - a scroll of enchant armour {unknown}
 D - a scroll of acquirement {unknown}
Potions
 d - 3 potions of might
 o - a potion of heal wounds {unknown}
 s - 2 potions of agility {unknown}
 u - 2 potions of curing {unknown}
 w - 2 potions of magic {unknown}
 x - a potion of brilliance {unknown}
 B - 2 potions of degeneration {unknown}
 C - 3 potions of mutation {unknown}
 E - a potion of lignification {unknown}
Comestibles
 e - 12 rations {!d}


   Skills:
 + Level 6.6 Fighting
 + Level 6.4 Axes
 + Level 6.0 Armour
 + Level 6.0 Shields


You had 7 spell levels left.
You didn't know any spells.
Your spell library was empty.

Dungeon Overview and Level Annotations

Branches:
Dungeon (6/15)             Temple (1/1) D:4

Altars:
Ashenzari
Cheibriados
Dithmenos
Elyvilon
Fedhas
Gozag
Hepliaklqana
Kikubaaqudgha
Makhleb
Nemelex Xobeh
Okawaru
Ru
Sif Muna
Trog
Uskayaw
Vehumet
Xom
Yredelemnul
The Shining One


Message History

Something shocks you.
You hit something but do no damage. Something hits you but does no damage.
Your shield and scale mail prevent you from hitting something.
Something hits you. Something shocks you.
You closely miss something. Something hits you. Something shocks you.
* * * LOW HITPOINT WARNING * * *
Something hits you but does no damage.
You barely miss something. Something hits you but does no damage.
You miss something.
A sky beast appears from thin air!
Reactivating autopickup.
The sky beast hits you but does no damage.
You barely miss the sky beast. You block the sky beast's attack.
You are feeling very hungry.
You hit the sky beast but do no damage. The sky beast barely misses you.
The sky beast flickers out of sight!
Deactivating autopickup; reactivate with Ctrl-A.
Something hits you but does no damage.
You closely miss something. You block something's attack.
You closely miss something. Something hits you but does no damage.
You closely miss something. Something hits you but does no damage.
You hit something. Something hits you.
* * * LOW HITPOINT WARNING * * *
Something shocks you.
* * * LOW HITPOINT WARNING * * *
Something hits you.
* * * LOW HITPOINT WARNING * * *
Something shocks you.
* * * LOW HITPOINT WARNING * * *
You miss something. Something hits you but does no damage.
You miss something. Something hits you.
* * * LOW HITPOINT WARNING * * *
Something shocks you.
* * * LOW HITPOINT WARNING * * *
You barely miss something. You block something's attack.
You hit something. Something hits you but does no damage. Something hits you.
* * * LOW HITPOINT WARNING * * *
Something shocks you.
You die...

#.# #.##..... #.#
#.....>.. #.#
####..### #.#
####..### #.#
#........ #.#
#.##..##. #.#
#,*#<...#
#.#######*,##)..#.
#@{.....),,#......
#########**#....#.
#....#. #.(....
#.#.... ###.##.#.
#......#.
#.#.####. #.#.# #.


There were no monsters in sight!

Vanquished Creatures
  A phantom (D:6)
  2 ogres
  A centaur (D:6)
  A bullfrog (D:6)
  2 crimson imps
  2 centaur skeletons
  3 hounds
  2 jellies
  A gnoll shaman (D:4)
  A bullfrog skeleton (D:4)
  Jessica (D:3)
  2 worker ants (D:4)
  A hound zombie (D:5)
  4 gnolls (D:4)
  4 adders
  An ooze (D:1)
  An adder zombie (D:6)
  5 dart slugs
  4 leopard geckos
  11 orcs
  5 bats
  5 giant cockroaches
  2 gnoll zombies (D:6)
  8 goblins
  5 hobgoblins
  3 jackals (D:2)
  4 kobolds
  2 quokkas
  3 ball pythons
  6 frilled lizards
  2 quokka skeletons
  5 rats
  3 plants (D:3)
103 creatures vanquished.

Notes
Turn   | Place    | Note
-------+----------+-------------------------------------------
     0 | D:1      | Notrik the Hill Orc Fighter began the quest for the Orb.
     0 | D:1      | Reached XP level 1. HP: 19/19 MP: 1/1
   134 | D:1      | Reached XP level 2. HP: 27/27 MP: 2/2
   285 | D:1      | Reached XP level 3. HP: 33/33 MP: 3/3
   968 | D:2      | Found a hide-covered altar of Uskayaw.
  1101 | D:2      | Found a faded altar of an unknown god.
  1258 | D:3      | Found a hazy altar of Hepliaklqana.
  1297 | D:3      | Reached XP level 4. HP: 40/40 MP: 4/4
  1671 | D:3      | Found a glowing golden altar of the Shining One.
  1780 | D:3      | Noticed Jessica
  1782 | D:3      | Killed Jessica
  2241 | D:4      | Reached XP level 5. HP: 44/47 MP: 5/5
  2435 | D:5      | Entered Level 5 of the Dungeon
  2757 | D:4      | Found a staircase to the Ecumenical Temple.
  2775 | Temple   | Entered the Ecumenical Temple
  2899 | Temple   | Became a worshipper of Warmaster Okawaru
  2944 | D:4      | Reached skill level 5 in Fighting
  2944 | D:4      | Reached XP level 6. HP: 50/56 MP: 6/6
  3552 | D:4      | Reached skill level 5 in Axes
  3559 | D:4      | Reached skill level 5 in Shields
  3562 | D:4      | Reached skill level 5 in Armour
  3783 | D:4      | Reached XP level 7. HP: 53/61 MP: 7/7
  3883 | D:5      | Reached * piety under Okawaru
  4866 | D:6      | Found a basalt altar of Yredelemnul.
  5057 | D:6      | Reached XP level 8. HP: 61/71 MP: 8/8
  5240 | D:6      | Slain by a sky beast

Levels and vault maps discovered:
D:1:      dpeg_arrival_concentric_ovals, layout_basic,
          hangedman_abyss_or_decor_lesser_grid
D:2:      layout_loops_ring, nicolae_overflow_hidden_temple,
          chequers_ecumenical_altar_grove
D:3:      wad_woods_pond, layout_basic, tso_metal_star,
          overflow_temple_1_default, uniq_jessica
D:4:      layout_gridville, minmay_temple_entry_steel_oval, first_ration,
          minmay_distorted
D:5:      layout_cave_pools
D:6:      layout_loops_ring, zin_statuary, lemuel_zombie_altar_yredelemnul
Temple:   regret_index_temple_waves

Skill      XL: |  1  2  3  4  5  6  7  8 |
---------------+-------------------------+-----
Axes           | 3 4 5 6 |  6.4
Fighting       | 4 5 6 |  6.6
Shields        | 4 5 6 |  6.0
Armour         | 4 5 6 |  6.0

Action                   |  1- 3 |  4- 6 |  7- 9 || total
-------------------------+-------+-------+-------++-------
Melee: War axe           |    96 |   170 |   139 ||   405
  Use: Scroll            |     3 |     1 |     5 ||     9
  Eat: Chunk             |     1 |     5 |     4 ||    10
       Ration            |       |     1 |       ||     1
Armor: Scale mail        |    59 |    42 |    55 ||   156
Dodge: Dodged            |    28 |    33 |    33 ||    94
Block: Shield            |    56 |    84 |    74 ||   214
       Reflection        |       |     1 |     1 ||     2

Table legend:
 A = Non-vault XP
 B = Vault XP
 C = Vault XP percentage of total XP
 D = Non-vault monster count
 E = Vault monster count
 F = Vault count percentage of total count
                 A         B        C        D         E       F
            +---------+---------+-------+---------+---------+-------
      Total |    1268 |     142 |  10.1 |      93 |       7 |   7.0
            +---------+---------+-------+---------+---------+-------
        D:1 |      47 |       0 |   0.0 |      23 |       0 |   0.0
        D:2 |      29 |       0 |   0.0 |      14 |       0 |   0.0
        D:3 |      36 |      39 |  52.0 |      13 |       2 |  13.3
        D:4 |     382 |      99 |  20.6 |      19 |       3 |  13.6
        D:5 |     185 |       0 |   0.0 |       9 |       0 |   0.0
        D:6 |     589 |       4 |   0.7 |      15 |       2 |  11.8
            +---------+---------+-------+---------+---------+-------
